Harfangs vs Gangsters
Created - 16 mars 2017 at 07:32
Goals
|
Harfangs |
1 |
2 |
4 |
7 |
Gangsters |
2 |
1 |
2 |
5 |
|
Shots
|
Harfangs |
9 |
18 |
10 |
37 |
Gangsters |
12 |
6 |
13 |
31 |
|
1st period
1. Harfangs , Brandon Pirri 23 (Victor Bartley) at 6:38 (PP)
2. Gangsters , Ben Holmstrom 14 (Richard Panik, Dave Dziurzynski) at 14:03
3. Gangsters , Ryan Johansen 35 (Nick Foligno, Shaun Heska) at 16:53
Penalties :
Colten Teubert (Bro) for Roughing (Double Minor) at 6:06, Roman Cervenka (BEA) for Hooking (Minor) at 17:49
2nd period
4. Harfangs , Tomas Tatar 30 (Roman Cervenka) at 4:06
5. Gangsters , Mikko Lehtonen 32 (Maxime Sauvé) at 14:49 (SH)
6. Harfangs , Jean-Gabriel Pageau 24 (Cam Fowler) at 15:19 (PP)
Penalties :
Nick Foligno (Bro) for Roughing (Minor) at 1:36, Stefan Noesen (Bro) for Elbowing (Minor) at 10:33, Curtis McKenzie (Bro) for Holding (Minor) at 13:49
3rd period
7. Gangsters , Brett Ponich 1 (Patrik Nemeth, Phil McRae) at 2:49
8. Harfangs , Tomas Tatar 31 (Brian Lashoff) at 3:31
9. Harfangs , Alex Killorn 35 (Victor Bartley) at 3:48
10. Harfangs , Dustin Jeffrey 7 (Dylan Olsen) at 5:30
11. Harfangs , Tomas Tatar 32 (Brian Lashoff) at 6:43
12. Gangsters , Curtis McKenzie 3 (Ben Holmstrom, Morgan Ellis) at 17:17
Penalties :
Cam Fowler (BEA) for Slashing (Minor) at 13:32
Goalie Stats
Jeremy Duchesne (BEA), 26 saves from 31 shots - (0,839), W, 26-10-0, 60:00 minutes
Mike Condon (Bro), 27 saves from 34 shots - (0,794), L, 16-19-2, 46:43 minutes
Dustin Tokarski (Bro), 3 saves from 3 shots - (1,000), 13:17 minutes
Players Stats for Harfangs
Player Name G A P +/- PIM S H SB GA TA FO MP PP MP PK MP
------------------------------------------------------------------------------------
Alex Killorn 1 0 1 0 0 5 2 0 1 1 6/11 24:50 4:23 3:02
Angelo Esposito 0 0 0 0 0 1 0 0 0 0 0/1 6:30 0:00 0:00
Brandon Pirri 1 0 1 -1 0 3 4 0 1 1 0/0 16:56 3:22 0:00
Brian Lashoff 0 2 2 0 0 2 2 1 0 1 0/0 20:40 3:08 1:16
Cam Atkinson 0 0 0 0 0 5 1 0 1 2 1/2 22:26 4:24 0:43
Cam Fowler 0 1 1 1 2 0 2 1 1 1 0/0 27:04 4:51 1:17
Dennis Everberg 0 0 0 1 0 1 1 0 0 0 0/2 10:26 0:00 0:00
Dustin Jeffrey 1 0 1 0 0 2 0 0 2 0 0/0 6:30 0:00 0:00
Dylan Olsen 0 1 1 -1 0 0 1 1 0 0 0/0 10:50 0:00 0:00
Jean-Gabriel Pageau 1 0 1 -1 0 1 3 0 1 1 4/12 17:03 3:22 0:13
Joel Armia 0 0 0 0 0 0 0 0 0 0 0/0 6:47 0:13 0:00
Nathan Beaulieu 0 0 0 0 0 0 2 2 0 0 0/0 20:40 3:08 1:16
Peter Olvecky 0 0 0 -1 0 4 1 1 0 0 1/2 20:09 3:22 3:03
Petri Kontiola 0 0 0 0 0 4 1 0 1 0 21/37 22:17 4:15 0:43
Reid McNeill 0 0 0 -1 0 0 0 2 0 0 0/0 12:25 0:00 1:25
Roman Cervenka 0 1 1 1 2 1 0 1 0 0 2/4 10:55 0:22 0:00
Tomas Tatar 3 0 3 1 0 5 0 0 2 0 0/1 11:02 0:14 0:12
Victor Bartley 0 2 2 1 0 3 3 3 1 1 0/0 28:30 4:51 2:42
Players Stats for Gangsters
Player Name G A P +/- PIM S H SB GA TA FO MP PP MP PK MP
------------------------------------------------------------------------------------
Austen Brassard 0 0 0 1 0 0 0 0 0 1 0/0 8:29 0:00 0:00
Ben Holmstrom 1 1 2 -3 0 2 4 1 2 0 10/22 16:38 1:18 0:00
Brett Ponich 1 0 1 2 0 1 1 4 0 1 0/0 16:02 0:42 3:05
Colten Teubert 0 0 0 0 4 1 1 2 2 0 0/0 28:18 2:59 2:55
Curtis McKenzie 1 0 1 0 2 2 2 2 0 0 0/0 10:59 0:00 1:22
Dave Dziurzynski 0 1 1 0 0 2 4 0 0 1 0/0 14:04 1:18 0:16
Jonas Brodin 0 0 0 -3 0 0 1 0 0 0 0/0 12:06 0:00 1:57
Maxime Sauvé 0 1 1 1 0 1 2 0 0 0 6/10 16:50 1:18 2:41
Mikko Lehtonen 1 0 1 -1 0 7 0 0 1 0 1/2 21:34 2:40 1:54
Morgan Ellis 0 1 1 -2 0 0 1 3 0 0 0/0 14:01 0:17 0:00
Nick Foligno 0 1 1 -2 2 6 4 0 0 0 2/4 23:51 2:40 3:48
Patrik Nemeth 0 1 1 3 0 0 2 1 0 1 0/0 20:13 0:59 3:20
Phil McRae 0 1 1 1 0 0 0 0 0 1 2/4 9:56 0:00 0:15
Phillip Danault 0 0 0 1 0 0 1 0 0 1 1/1 9:41 0:00 0:57
Richard Panik 0 1 1 0 0 2 1 0 1 0 0/0 14:02 1:18 0:00
Ryan Johansen 1 0 1 1 0 4 1 1 0 0 14/28 16:32 1:22 4:45
Shaun Heska 0 1 1 0 0 2 0 4 2 5 0/0 29:20 2:59 4:41
Stefan Noesen 0 0 0 0 2 1 0 0 0 0 1/1 9:21 0:00 0:00
3 Stars
1 - Tomas Tatar (BEA)
2 - Brett Ponich (Bro)
3 - Victor Bartley (BEA)
Power Play
Harfangs - 2 on 5 Attempt(s) - 40,00%
Gangsters - 0 on 2 Attempt(s) - 0,00%
Penalty Kill
Harfangs - 2 on 2 Attempt(s) - 100,00%
- Score 0 goal in Penalty Kill
Gangsters - 3 on 5 Attempt(s) - 60,00%
- Score 1 goal in Penalty Kill
Team Stat
Harfangs - Hits : 23 - Faceoff Wins : 35 - Blocked Shots : 12 - Penalty Minutes : 4
Gangsters - Hits : 25 - Faceoff Wins : 37 - Blocked Shots : 18 - Penalty Minutes : 10
Official
Referees : Pollock Kevin and Banfield David
Linesman : Derek Nansen and Don Henderson
Game Notes
Ryan Johansen is injured at 0:48 of 3rd period (Broken Left Thumb)
Tomas Tatar has scored a Hat Trick!
Dustin Tokarski enters game at 6:43 of 3rd period
Brett Ponich is injured at 7:31 of 3rd period (Right Foot)
Finance
Level 1 -- Attendance: 1388 (69,40%) -- Ticket Income 48 580 $
Level 2 -- Attendance: 783 (78,30%) -- Ticket Income 11 745 $
Total Attendance: 2171 (72,37%)
Total Ticket Income: 60 325 $
Other Income: 3 016 $
Total Income: 63 341 $
Harfangs
5 vs 5 Forward
Center Left Wing Right Wing Time % Phy DF OF
1 Petri Kontiola Alex Killorn Cam Atkinson 40 1 2 2
2 Jean-Gabriel Pageau Peter Olvecky Brandon Pirri 30 1 2 2
3 Roman Cervenka Tomas Tatar Dennis Everberg 20 1 2 2
4 Angelo Esposito Dustin Jeffrey Joel Armia 10 1 2 2
5 vs 5 Defense
Defense Defense Time % Phy DF OF
1 Victor Bartley Cam Fowler 40 1 2 2
2 Brian Lashoff Nathan Beaulieu 30 1 2 2
3 Dylan Olsen Reid McNeill 20 1 2 2
4 Victor Bartley Cam Fowler 10 1 2 2
PowerPlay Forward
Center Left Wing Right Wing Time % Phy DF OF
1 Petri Kontiola Alex Killorn Cam Atkinson 60 1 2 2
2 Jean-Gabriel Pageau Peter Olvecky Brandon Pirri 40 1 2 2
PowerPlay Defense
Defense Defense Time % Phy DF OF
1 Victor Bartley Cam Fowler 60 1 2 2
2 Brian Lashoff Nathan Beaulieu 40 1 2 2
Penalty Kill 4 Players Forward
Center Wing Time % Phy DF OF
1 Alex Killorn Peter Olvecky 60 1 2 2
2 Cam Atkinson Petri Kontiola 40 1 2 2
Penalty Kill 4 Players Defense
Defense Defense Time % Phy DF OF
1 Victor Bartley Cam Fowler 60 1 2 2
2 Brian Lashoff Nathan Beaulieu 40 1 2 2
Penalty Kill - 3 Players Forward
Forward Time % Phy DF OF
1 Alex Killorn 60 1 2 2
2 Peter Olvecky 40 1 2 2
Penalty Kill - 3 Players Defense
Defense Defense Time % Phy DF OF
1 Victor Bartley Cam Fowler 60 1 2 2
2 Brian Lashoff Nathan Beaulieu 40 1 2 2
4 vs 4 Forward
Center Wing Time % Phy DF OF
1 Alex Killorn Peter Olvecky 60 1 2 2
2 Cam Atkinson Petri Kontiola 40 1 2 2
4 vs 4 Defense
Defense Defense Time % Phy DF OF
1 Victor Bartley Cam Fowler 60 1 2 2
2 Brian Lashoff Nathan Beaulieu 40 1 2 2
Last Minutes Offensive
Center Left Wing Right Wing Defense Defense
Petri Kontiola Alex Killorn Cam Atkinson Victor Bartley Cam Fowler
Last Minutes Defensive
Center Left Wing Right Wing Defense Defense
Petri Kontiola Alex Killorn Cam Atkinson Victor Bartley Cam Fowler
Goaltenders
Starting : Jeremy Duchesne
Backup : Anton Forsberg
Extra Forwards
Normal : Alex Killorn, Cam Atkinson, Tomas Tatar - PP : Alex Killorn, Cam Atkinson - PK : Roman Cervenka
Extra Defensemen
Normal : Dylan Olsen, Reid McNeill, Brian Lashoff - PP : Dylan Olsen - PK : Reid McNeill, Brian Lashoff
Penalty Shots
Alex Killorn, Peter Olvecky, Cam Atkinson, Petri Kontiola, Tomas Tatar
Gangsters
5 vs 5 Forward
Center Left Wing Right Wing Time % Phy DF OF
1 Ryan Johansen Nick Foligno Mikko Lehtonen 40 1 2 2
2 Maxime Sauvé Dave Dziurzynski Richard Panik 30 1 2 2
3 Ben Holmstrom Curtis McKenzie Stefan Noesen 20 1 2 2
4 Phil McRae Phillip Danault Austen Brassard 10 1 2 2
5 vs 5 Defense
Defense Defense Time % Phy DF OF
1 Colten Teubert Shaun Heska 40 1 2 2
2 Patrik Nemeth Brett Ponich 30 1 2 2
3 Morgan Ellis Jonas Brodin 20 1 2 2
4 Colten Teubert Shaun Heska 10 1 2 2
PowerPlay Forward
Center Left Wing Right Wing Time % Phy DF OF
1 Ryan Johansen Nick Foligno Mikko Lehtonen 60 1 2 2
2 Maxime Sauvé Dave Dziurzynski Richard Panik 40 1 2 2
PowerPlay Defense
Defense Defense Time % Phy DF OF
1 Colten Teubert Shaun Heska 60 1 2 2
2 Patrik Nemeth Brett Ponich 40 1 2 2
Penalty Kill 4 Players Forward
Center Wing Time % Phy DF OF
1 Ryan Johansen Nick Foligno 60 1 2 2
2 Maxime Sauvé Mikko Lehtonen 40 1 2 2
Penalty Kill 4 Players Defense
Defense Defense Time % Phy DF OF
1 Colten Teubert Shaun Heska 60 1 2 2
2 Patrik Nemeth Brett Ponich 40 1 2 2
Penalty Kill - 3 Players Forward
Forward Time % Phy DF OF
1 Ryan Johansen 60 1 2 2
2 Nick Foligno 40 1 2 2
Penalty Kill - 3 Players Defense
Defense Defense Time % Phy DF OF
1 Colten Teubert Shaun Heska 60 1 2 2
2 Patrik Nemeth Brett Ponich 40 1 2 2
4 vs 4 Forward
Center Wing Time % Phy DF OF
1 Ryan Johansen Nick Foligno 60 1 2 2
2 Maxime Sauvé Mikko Lehtonen 40 1 2 2
4 vs 4 Defense
Defense Defense Time % Phy DF OF
1 Colten Teubert Shaun Heska 60 1 2 2
2 Patrik Nemeth Brett Ponich 40 1 2 2
Last Minutes Offensive
Center Left Wing Right Wing Defense Defense
Ryan Johansen Nick Foligno Mikko Lehtonen Colten Teubert Shaun Heska
Last Minutes Defensive
Center Left Wing Right Wing Defense Defense
Ryan Johansen Nick Foligno Mikko Lehtonen Colten Teubert Shaun Heska
Goaltenders
Starting : Mike Condon
Backup : Dustin Tokarski
Extra Forwards
Normal : Ben Holmstrom, Phil McRae, Curtis McKenzie - PP : Ben Holmstrom, Phil McRae - PK : Curtis McKenzie
Extra Defensemen
Normal : Morgan Ellis, Jonas Brodin, Patrik Nemeth - PP : Morgan Ellis - PK : Jonas Brodin, Patrik Nemeth
Penalty Shots
Ryan Johansen, Nick Foligno, Maxime Sauvé, Mikko Lehtonen, Ben Holmstrom
% Time on Ice - Harfangs
Lines # - Real PCT - Wanted PCT - Time Play
Normal Forward
1 - 37% - 40% - 17:35
2 - 28% - 30% - 13:32
3 - 22% - 20% - 10:26
4 - 14% - 10% - 6:30
Normal Defense
1 - 40% - 40% - 19:18
2 - 34% - 30% - 16:16
3 - 23% - 20% - 10:50
4 - 3% - 10% - 1:39
PP Forward
1 - 58% - 60% - 4:37
2 - 42% - 40% - 3:22
PP Defense
1 - 61% - 60% - 4:51
2 - 39% - 40% - 3:08
PK Forward
1 - 82% - 60% - 3:15
2 - 18% - 40% - 0:43
PK Defense
1 - 68% - 60% - 2:42
2 - 32% - 40% - 1:16
PK3 Forward
1 - 0% - 60%
2 - 0% - 40%
PK3 Defense
1 - 0% - 60%
2 - 0% - 40%
44 Forward
1 - 0% - 60%
2 - 0% - 40%
44 Defense
1 - 0% - 60%
2 - 0% - 40%
Last Minute Offensive - 0:00
Last Minute Defensive - 0:00
Total
Forward - 60:00
Defense - 60:00
|
% Time on Ice - Gangsters
Lines # - Real PCT - Wanted PCT - Time Play
Normal Forward
1 - 37% - 40% - 17:54
2 - 26% - 30% - 12:29
3 - 19% - 20% - 9:11
4 - 18% - 10% - 8:29
Normal Defense
1 - 42% - 40% - 20:18
2 - 32% - 30% - 15:36
3 - 21% - 20% - 10:02
4 - 4% - 10% - 2:07
PP Forward
1 - 67% - 60% - 2:40
2 - 33% - 40% - 1:18
PP Defense
1 - 75% - 60% - 2:59
2 - 25% - 40% - 0:59
PK Forward
1 - 76% - 60% - 6:05
2 - 24% - 40% - 1:54
PK Defense
1 - 67% - 60% - 5:21
2 - 33% - 40% - 2:38
PK3 Forward
1 - 0% - 60%
2 - 0% - 40%
PK3 Defense
1 - 0% - 60%
2 - 0% - 40%
44 Forward
1 - 0% - 60%
2 - 0% - 40%
44 Defense
1 - 0% - 60%
2 - 0% - 40%
Last Minute Offensive - 0:00
Last Minute Defensive - 0:00
Total
Forward - 60:00
Defense - 60:00
|
Play by Play
1st period
0:01 of 1st period - Ryan Johansen wins face-off versus Petri Kontiola in neutral zone.
0:04 of 1st period - Snap shot by Mikko Lehtonen.
0:04 of 1st period - Shot Misses the Net.
0:12 of 1st period - Snap shot by Petri Kontiola.
0:12 of 1st period - Stopped by Mike Condon with a rebound.
0:14 of 1st period - Slapshot by Cam Fowler.
0:14 of 1st period - Shot Blocked by Colten Teubert.
0:16 of 1st period - Slapshot by Victor Bartley.
0:16 of 1st period - Stopped by Mike Condon without a rebound.
0:17 of 1st period - Peter Olvecky wins face-off versus Maxime Sauvé in Gangsters zone.
0:22 of 1st period - Slapshot by Peter Olvecky.
0:22 of 1st period - Stopped by Mike Condon without a rebound.
0:23 of 1st period - Jean-Gabriel Pageau wins face-off versus Maxime Sauvé in Gangsters zone.
0:24 of 1st period - Slapshot by Peter Olvecky.
0:24 of 1st period - Shot Blocked by Brett Ponich.
0:28 of 1st period - Wrist shot by Peter Olvecky.
0:28 of 1st period - Shot Misses the Net.
0:46 of 1st period - Snap shot by Brandon Pirri.
0:46 of 1st period - Stopped by Mike Condon without a rebound.
0:47 of 1st period - Ben Holmstrom wins face-off versus Dennis Everberg in Gangsters zone.
0:47 of 1st period - Ben Holmstrom is hit by Dennis Everberg.
0:59 of 1st period - Wrist shot by Stefan Noesen.
0:59 of 1st period - Stopped by Jeremy Duchesne without a rebound.
1:00 of 1st period - Petri Kontiola wins face-off versus Ryan Johansen in Harfangs zone.
1:38 of 1st period - Wrist shot by Phil McRae.
1:38 of 1st period - Shot Blocked by Dylan Olsen.
2:14 of 1st period - Off-side.
2:15 of 1st period - Petri Kontiola wins face-off versus Ryan Johansen in neutral zone.
2:51 of 1st period - Slapshot by Peter Olvecky.
2:51 of 1st period - Shot Blocked by Morgan Ellis.
3:07 of 1st period - Colten Teubert is hit by Brian Lashoff and loses puck.
3:30 of 1st period - Slapshot by Colten Teubert.
3:30 of 1st period - Stopped by Jeremy Duchesne with a rebound.
3:46 of 1st period - Petri Kontiola is hit by Nick Foligno and loses puck.
4:33 of 1st period - Icing by Brandon Pirri.
4:34 of 1st period - Maxime Sauvé wins face-off versus Peter Olvecky in Harfangs zone.
4:45 of 1st period - Snap shot by Maxime Sauvé.
4:45 of 1st period - Shot Blocked by Nathan Beaulieu.
5:45 of 1st period - Nathan Beaulieu is hit by Dave Dziurzynski and loses puck.
5:50 of 1st period - Snap shot by Dave Dziurzynski.
5:50 of 1st period - Stopped by Jeremy Duchesne with a rebound.
5:52 of 1st period - Slapshot by Richard Panik.
5:52 of 1st period - Stopped by Jeremy Duchesne without a rebound.
5:53 of 1st period - Petri Kontiola wins face-off versus Ryan Johansen in Harfangs zone.
5:53 of 1st period - Petri Kontiola is hit by Nick Foligno.
6:06 of 1st period - Double Minor Penalty to Colten Teubert for Roughing.
6:07 of 1st period - Petri Kontiola wins face-off versus Ryan Johansen in Gangsters zone.
6:38 of 1st period - Snap shot by Brandon Pirri.
6:38 of 1st period - Goal by Brandon Pirri - Harfangs : 1 - Gangsters : 0.
6:39 of 1st period - Petri Kontiola wins face-off versus Ryan Johansen in neutral zone.
7:04 of 1st period - Jean-Gabriel Pageau is hit by Jonas Brodin and loses puck.
8:38 of 1st period - Penalty to Colten Teubert is over, Colten Teubert is back on ice.
8:52 of 1st period - Snap shot by Nick Foligno.
8:52 of 1st period - Stopped by Jeremy Duchesne with a rebound.
9:30 of 1st period - Patrik Nemeth is hit by Peter Olvecky and loses puck.
9:37 of 1st period - Brandon Pirri is hit by Maxime Sauvé.
10:01 of 1st period - Patrik Nemeth is hit by Nathan Beaulieu and loses puck.
10:34 of 1st period - Mikko Lehtonen is hit by Dylan Olsen and loses puck.
10:58 of 1st period - Snap shot by Phil McRae.
10:58 of 1st period - Shot Misses the Net.
11:10 of 1st period - Cam Fowler is hit by Curtis McKenzie and loses puck.
11:27 of 1st period - Peter Olvecky is hit by Ryan Johansen and loses puck.
12:25 of 1st period - Victor Bartley is hit by Curtis McKenzie.
12:39 of 1st period - Cam Fowler is hit by Dave Dziurzynski and loses puck.
12:54 of 1st period - Wrist shot by Tomas Tatar.
12:54 of 1st period - Stopped by Mike Condon without a rebound.
12:55 of 1st period - Phil McRae wins face-off versus Tomas Tatar in Gangsters zone.
13:22 of 1st period - Nick Foligno is hit by Alex Killorn and loses puck.
14:03 of 1st period - Wrist shot by Richard Panik.
14:03 of 1st period - Deflect By Ben Holmstrom.
14:03 of 1st period - Goal by Ben Holmstrom - Harfangs : 1 - Gangsters : 1.
14:04 of 1st period - Ryan Johansen wins face-off versus Petri Kontiola in neutral zone.
14:14 of 1st period - Snap shot by Alex Killorn.
14:14 of 1st period - Deflect By Petri Kontiola.
14:14 of 1st period - Stopped by Mike Condon without a rebound.
14:15 of 1st period - Petri Kontiola wins face-off versus Ryan Johansen in Gangsters zone.
14:42 of 1st period - Maxime Sauvé is hit by Brandon Pirri and loses puck.
15:07 of 1st period - Snap shot by Ben Holmstrom.
15:07 of 1st period - Deflect By Stefan Noesen.
15:07 of 1st period - Shot Misses the Net.
15:07 of 1st period - Puck is out of play.
15:08 of 1st period - Petri Kontiola wins face-off versus Ryan Johansen in Harfangs zone.
15:21 of 1st period - Snap shot by Cam Atkinson.
15:21 of 1st period - Stopped by Mike Condon with a rebound.
15:33 of 1st period - Maxime Sauvé is hit by Cam Fowler and loses puck.
15:41 of 1st period - Off-side.
15:42 of 1st period - Petri Kontiola wins face-off versus Ben Holmstrom in neutral zone.
15:57 of 1st period - Wrist shot by Colten Teubert.
15:57 of 1st period - Deflect By Ben Holmstrom.
15:57 of 1st period - Shot Misses the Net.
15:57 of 1st period - Puck is out of play.
15:58 of 1st period - Jean-Gabriel Pageau wins face-off versus Ryan Johansen in Harfangs zone.
16:31 of 1st period - Backhand shot by Roman Cervenka.
16:31 of 1st period - Shot Blocked by Shaun Heska.
16:41 of 1st period - Snap shot by Mikko Lehtonen.
16:41 of 1st period - Shot Misses the Net.
16:43 of 1st period - Wrist shot by Shaun Heska.
16:43 of 1st period - Stopped by Jeremy Duchesne with a rebound.
16:51 of 1st period - Snap shot by Ryan Johansen.
16:51 of 1st period - Shot Blocked by Nathan Beaulieu.
16:53 of 1st period - Snap shot by Ryan Johansen.
16:53 of 1st period - Goal by Ryan Johansen - Harfangs : 1 - Gangsters : 2.
16:54 of 1st period - Maxime Sauvé wins face-off versus Alex Killorn in neutral zone.
16:59 of 1st period - Cam Fowler is hit by Maxime Sauvé and loses puck.
17:06 of 1st period - Snap shot by Cam Atkinson.
17:06 of 1st period - Shot Misses the Net.
17:23 of 1st period - Stefan Noesen is hit by Brandon Pirri and loses puck.
17:49 of 1st period - Minor Penalty to Roman Cervenka for Hooking.
17:50 of 1st period - Ryan Johansen wins face-off versus Alex Killorn in Harfangs zone.
17:54 of 1st period - Wrist shot by Mikko Lehtonen.
17:54 of 1st period - Stopped by Jeremy Duchesne with a rebound.
18:04 of 1st period - Slapshot by Shaun Heska.
18:04 of 1st period - Shot Misses the Net.
18:11 of 1st period - Icing by Shaun Heska.
18:12 of 1st period - Alex Killorn wins face-off versus Ryan Johansen in Gangsters zone.
18:15 of 1st period - Snap shot by Peter Olvecky.
18:15 of 1st period - Shot Misses the Net.
18:17 of 1st period - Snap shot by Peter Olvecky.
18:17 of 1st period - Stopped by Mike Condon with a rebound.
18:25 of 1st period - Snap shot by Mikko Lehtonen.
18:25 of 1st period - Stopped by Jeremy Duchesne with a rebound.
18:27 of 1st period - Snap shot by Shaun Heska.
18:27 of 1st period - Shot Blocked by Cam Fowler.
18:29 of 1st period - Slapshot by Ryan Johansen.
18:29 of 1st period - Stopped by Jeremy Duchesne without a rebound.
18:30 of 1st period - Maxime Sauvé wins face-off versus Alex Killorn in Harfangs zone.
18:35 of 1st period - Snap shot by Dave Dziurzynski.
18:35 of 1st period - Shot Blocked by Victor Bartley.
18:37 of 1st period - Snap shot by Dave Dziurzynski.
18:37 of 1st period - Shot Hit the Post.
18:39 of 1st period - Wrist shot by Maxime Sauvé.
18:39 of 1st period - Stopped by Jeremy Duchesne with a rebound.
19:03 of 1st period - Slapshot by Nick Foligno.
19:03 of 1st period - Shot Misses the Net.
19:49 of 1st period - Penalty to Roman Cervenka is over, Roman Cervenka is back on ice.
Goals for this period are 1 for Harfangs vs 2 for Gangsters.
Shots for this period are 9 for Harfangs vs 12 for Gangsters.
2nd period
0:01 of 2nd period - Ryan Johansen wins face-off versus Petri Kontiola in neutral zone.
0:04 of 2nd period - Petri Kontiola is hit by Nick Foligno and loses puck.
1:36 of 2nd period - Minor Penalty to Nick Foligno for Roughing.
1:37 of 2nd period - Ryan Johansen wins face-off versus Alex Killorn in Gangsters zone.
1:52 of 2nd period - Snap shot by Ryan Johansen.
1:52 of 2nd period - Shot Misses the Net.
2:02 of 2nd period - Ryan Johansen is hit by Brandon Pirri and loses puck.
2:21 of 2nd period - Jonas Brodin is hit by Victor Bartley and loses puck.
3:36 of 2nd period - Penalty to Nick Foligno is over, Nick Foligno is back on ice.
3:46 of 2nd period - Angelo Esposito is hit by Patrik Nemeth and loses puck.
3:54 of 2nd period - Icing by Dustin Jeffrey.
3:55 of 2nd period - Roman Cervenka wins face-off versus Ben Holmstrom in Harfangs zone.
4:02 of 2nd period - Snap shot by Roman Cervenka.
4:02 of 2nd period - Stopped by Mike Condon with a rebound.
4:04 of 2nd period - Slapshot by Roman Cervenka.
4:04 of 2nd period - Shot Blocked by Curtis McKenzie.
4:06 of 2nd period - Wrist shot by Tomas Tatar.
4:06 of 2nd period - Goal by Tomas Tatar - Harfangs : 2 - Gangsters : 2.
4:07 of 2nd period - Ryan Johansen wins face-off versus Petri Kontiola in neutral zone.
4:10 of 2nd period - Snap shot by Ryan Johansen.
4:10 of 2nd period - Stopped by Jeremy Duchesne with a rebound.
4:37 of 2nd period - Maxime Sauvé is hit by Jean-Gabriel Pageau and loses puck.
5:05 of 2nd period - Dustin Jeffrey is hit by Ben Holmstrom.
5:31 of 2nd period - Wrist shot by Alex Killorn.
5:31 of 2nd period - Stopped by Mike Condon without a rebound.
5:32 of 2nd period - Alex Killorn wins face-off versus Ryan Johansen in Gangsters zone.
5:35 of 2nd period - Snap shot by Petri Kontiola.
5:35 of 2nd period - Stopped by Mike Condon with a rebound.
5:37 of 2nd period - Wrist shot by Alex Killorn.
5:37 of 2nd period - Stopped by Mike Condon with a rebound.
5:39 of 2nd period - Slapshot by Victor Bartley.
5:39 of 2nd period - Deflect By Nick Foligno.
5:39 of 2nd period - Stopped by Mike Condon without a rebound.
5:40 of 2nd period - Petri Kontiola wins face-off versus Ryan Johansen in Gangsters zone.
5:41 of 2nd period - Wrist shot by Cam Atkinson.
5:41 of 2nd period - Shot Blocked by Colten Teubert.
5:43 of 2nd period - Snap shot by Alex Killorn.
5:43 of 2nd period - Shot Misses the Net.
6:32 of 2nd period - Slapshot by Shaun Heska.
6:32 of 2nd period - Shot Blocked by Brian Lashoff.
6:50 of 2nd period - Wrist shot by Alex Killorn.
6:50 of 2nd period - Shot Misses the Net.
6:52 of 2nd period - Snap shot by Petri Kontiola.
6:52 of 2nd period - Stopped by Mike Condon with a rebound.
6:54 of 2nd period - Slapshot by Brian Lashoff.
6:54 of 2nd period - Shot Blocked by Patrik Nemeth.
6:56 of 2nd period - Slapshot by Brian Lashoff.
6:56 of 2nd period - Stopped by Mike Condon without a rebound.
6:57 of 2nd period - Ryan Johansen wins face-off versus Cam Atkinson in Gangsters zone.
7:43 of 2nd period - Wrist shot by Roman Cervenka.
7:43 of 2nd period - Deflect By Tomas Tatar.
7:43 of 2nd period - Stopped by Mike Condon with a rebound.
7:51 of 2nd period - Snap shot by Curtis McKenzie.
7:51 of 2nd period - Stopped by Jeremy Duchesne with a rebound.
8:30 of 2nd period - Slapshot by Dustin Jeffrey.
8:30 of 2nd period - Shot Blocked by Morgan Ellis.
9:12 of 2nd period - Snap shot by Tomas Tatar.
9:12 of 2nd period - Shot Blocked by Curtis McKenzie.
9:14 of 2nd period - Backhand shot by Cam Fowler.
9:14 of 2nd period - Shot Blocked by Morgan Ellis.
9:16 of 2nd period - Slapshot by Dennis Everberg.
9:16 of 2nd period - Stopped by Mike Condon with a rebound.
9:30 of 2nd period - Wrist shot by Alex Killorn.
9:30 of 2nd period - Stopped by Mike Condon without a rebound.
9:31 of 2nd period - Petri Kontiola wins face-off versus Phil McRae in Gangsters zone.
9:38 of 2nd period - Snap shot by Cam Atkinson.
9:38 of 2nd period - Deflect By Alex Killorn.
9:38 of 2nd period - Shot Blocked by Shaun Heska.
9:38 of 2nd period - Puck is out of play.
9:39 of 2nd period - Petri Kontiola wins face-off versus Nick Foligno in Gangsters zone.
10:33 of 2nd period - Minor Penalty to Stefan Noesen for Elbowing.
10:34 of 2nd period - Petri Kontiola wins face-off versus Ryan Johansen in Gangsters zone.
10:48 of 2nd period - Snap shot by Alex Killorn.
10:48 of 2nd period - Shot Blocked by Shaun Heska.
11:05 of 2nd period - Wrist shot by Alex Killorn.
11:05 of 2nd period - Shot Misses the Net.
11:07 of 2nd period - Slapshot by Cam Atkinson.
11:07 of 2nd period - Shot Misses the Net.
11:09 of 2nd period - Wrist shot by Cam Atkinson.
11:09 of 2nd period - Shot Misses the Net.
11:11 of 2nd period - Snap shot by Alex Killorn.
11:11 of 2nd period - Stopped by Mike Condon with a rebound.
11:13 of 2nd period - Slapshot by Petri Kontiola.
11:13 of 2nd period - Shot Misses the Net.
11:15 of 2nd period - Snap shot by Brian Lashoff.
11:15 of 2nd period - Stopped by Mike Condon without a rebound.
11:16 of 2nd period - Ryan Johansen wins face-off versus Jean-Gabriel Pageau in Gangsters zone.
11:25 of 2nd period - Wrist shot by Peter Olvecky.
11:25 of 2nd period - Deflect By Brandon Pirri.
11:25 of 2nd period - Shot Blocked by Brett Ponich.
11:25 of 2nd period - Puck is out of play.
11:26 of 2nd period - Ryan Johansen wins face-off versus Jean-Gabriel Pageau in Gangsters zone.
11:53 of 2nd period - Petri Kontiola is hit by Brett Ponich.
12:33 of 2nd period - Penalty to Stefan Noesen is over, Stefan Noesen is back on ice.
13:11 of 2nd period - Snap shot by Richard Panik.
13:11 of 2nd period - Shot Misses the Net.
13:19 of 2nd period - Wrist shot by Angelo Esposito.
13:19 of 2nd period - Stopped by Mike Condon without a rebound.
13:20 of 2nd period - Stefan Noesen wins face-off versus Jean-Gabriel Pageau in Gangsters zone.
13:20 of 2nd period - Stefan Noesen is hit by Jean-Gabriel Pageau.
13:25 of 2nd period - Icing by Curtis McKenzie.
13:26 of 2nd period - Jean-Gabriel Pageau wins face-off versus Ben Holmstrom in Gangsters zone.
13:49 of 2nd period - Minor Penalty to Curtis McKenzie for Holding.
13:50 of 2nd period - Petri Kontiola wins face-off versus Ryan Johansen in Gangsters zone.
14:49 of 2nd period - Snap shot by Mikko Lehtonen.
14:49 of 2nd period - Goal by Mikko Lehtonen - Harfangs : 2 - Gangsters : 3.
14:50 of 2nd period - Ryan Johansen wins face-off versus Petri Kontiola in neutral zone.
15:07 of 2nd period - Wrist shot by Peter Olvecky.
15:07 of 2nd period - Stopped by Mike Condon without a rebound.
15:08 of 2nd period - Ryan Johansen wins face-off versus Jean-Gabriel Pageau in Gangsters zone.
15:17 of 2nd period - Wrist shot by Jean-Gabriel Pageau.
15:17 of 2nd period - Shot Misses the Net.
15:19 of 2nd period - Snap shot by Jean-Gabriel Pageau.
15:19 of 2nd period - Goal by Jean-Gabriel Pageau - Harfangs : 3 - Gangsters : 3.
15:20 of 2nd period - Ryan Johansen wins face-off versus Petri Kontiola in neutral zone.
15:58 of 2nd period - Snap shot by Maxime Sauvé.
15:58 of 2nd period - Deflect By Richard Panik.
15:58 of 2nd period - Shot Blocked by Victor Bartley.
15:58 of 2nd period - Puck is out of play.
15:59 of 2nd period - Ben Holmstrom wins face-off versus Petri Kontiola in Harfangs zone.
16:10 of 2nd period - Snap shot by Alex Killorn.
16:10 of 2nd period - Shot Misses the Net.
16:12 of 2nd period - Slapshot by Cam Atkinson.
16:12 of 2nd period - Stopped by Mike Condon with a rebound.
16:35 of 2nd period - Wrist shot by Nick Foligno.
16:35 of 2nd period - Stopped by Jeremy Duchesne without a rebound.
16:36 of 2nd period - Maxime Sauvé wins face-off versus Petri Kontiola in Harfangs zone.
16:43 of 2nd period - Cam Fowler is hit by Colten Teubert and loses puck.
17:02 of 2nd period - Shaun Heska is hit by Jean-Gabriel Pageau and loses puck.
17:31 of 2nd period - Snap shot by Tomas Tatar.
17:31 of 2nd period - Shot Misses the Net.
18:11 of 2nd period - Snap shot by Dave Dziurzynski.
18:11 of 2nd period - Stopped by Jeremy Duchesne without a rebound.
18:12 of 2nd period - Ryan Johansen wins face-off versus Jean-Gabriel Pageau in Harfangs zone.
18:15 of 2nd period - Slapshot by Ryan Johansen.
18:15 of 2nd period - Stopped by Jeremy Duchesne with a rebound.
18:24 of 2nd period - Icing by Colten Teubert.
18:25 of 2nd period - Ryan Johansen wins face-off versus Petri Kontiola in Gangsters zone.
18:30 of 2nd period - Snap shot by Mikko Lehtonen.
18:30 of 2nd period - Shot Misses the Net.
19:10 of 2nd period - Wrist shot by Dustin Jeffrey.
19:10 of 2nd period - Stopped by Mike Condon with a rebound.
19:18 of 2nd period - Brian Lashoff is hit by Ben Holmstrom and loses puck.
Goals for this period are 2 for Harfangs vs 1 for Gangsters.
Shots for this period are 18 for Harfangs vs 6 for Gangsters.
3rd period
0:01 of 3rd period - Nick Foligno wins face-off versus Petri Kontiola in neutral zone.
0:04 of 3rd period - Snap shot by Mikko Lehtonen.
0:04 of 3rd period - Stopped by Jeremy Duchesne with a rebound.
0:12 of 3rd period - Wrist shot by Petri Kontiola.
0:12 of 3rd period - Shot Misses the Net.
0:35 of 3rd period - Off-side.
0:36 of 3rd period - Petri Kontiola wins face-off versus Ryan Johansen in neutral zone.
0:48 of 3rd period - Slapshot by Alex Killorn.
0:48 of 3rd period - Shot Blocked by Ryan Johansen.
0:48 of 3rd period - Ryan Johansen from Gangsters is injured at 0:48 of 3rd period (Broken Left Thumb).
0:49 of 3rd period - Petri Kontiola wins face-off versus Ben Holmstrom in Gangsters zone.
0:58 of 3rd period - Wrist shot by Alex Killorn.
0:58 of 3rd period - Shot Misses the Net.
1:21 of 3rd period - Wrist shot by Dave Dziurzynski.
1:21 of 3rd period - Shot Misses the Net.
1:23 of 3rd period - Wrist shot by Shaun Heska.
1:23 of 3rd period - Stopped by Jeremy Duchesne without a rebound.
1:24 of 3rd period - Maxime Sauvé wins face-off versus Petri Kontiola in Harfangs zone.
1:59 of 3rd period - Wrist shot by Jean-Gabriel Pageau.
1:59 of 3rd period - Shot Blocked by Ben Holmstrom.
2:33 of 3rd period - Snap shot by Brett Ponich.
2:33 of 3rd period - Shot Blocked by Reid McNeill.
2:47 of 3rd period - Snap shot by Patrik Nemeth.
2:47 of 3rd period - Shot Misses the Net.
2:49 of 3rd period - Slapshot by Brett Ponich.
2:49 of 3rd period - Goal by Brett Ponich - Harfangs : 3 - Gangsters : 4.
2:50 of 3rd period - Ben Holmstrom wins face-off versus Petri Kontiola in neutral zone.
3:20 of 3rd period - Jonas Brodin is hit by Cam Fowler and loses puck.
3:25 of 3rd period - Snap shot by Peter Olvecky.
3:25 of 3rd period - Stopped by Mike Condon without a rebound.
3:26 of 3rd period - Ben Holmstrom wins face-off versus Roman Cervenka in Gangsters zone.
3:31 of 3rd period - Wrist shot by Tomas Tatar.
3:31 of 3rd period - Goal by Tomas Tatar - Harfangs : 4 - Gangsters : 4.
3:32 of 3rd period - Ben Holmstrom wins face-off versus Petri Kontiola in neutral zone.
3:43 of 3rd period - Nick Foligno is hit by Alex Killorn and loses puck.
3:48 of 3rd period - Slapshot by Alex Killorn.
3:48 of 3rd period - Goal by Alex Killorn - Harfangs : 5 - Gangsters : 4.
3:49 of 3rd period - Petri Kontiola wins face-off versus Ben Holmstrom in neutral zone.
3:58 of 3rd period - Backhand shot by Cam Atkinson.
3:58 of 3rd period - Stopped by Mike Condon without a rebound.
3:59 of 3rd period - Ben Holmstrom wins face-off versus Petri Kontiola in Gangsters zone.
4:08 of 3rd period - Snap shot by Cam Atkinson.
4:08 of 3rd period - Shot Misses the Net.
4:16 of 3rd period - Slapshot by Cam Atkinson.
4:16 of 3rd period - Deflect By Petri Kontiola.
4:16 of 3rd period - Shot Misses the Net.
4:16 of 3rd period - Puck is out of play.
4:17 of 3rd period - Jean-Gabriel Pageau wins face-off versus Maxime Sauvé in Gangsters zone.
4:49 of 3rd period - Wrist shot by Cam Atkinson.
4:49 of 3rd period - Shot Blocked by Brett Ponich.
4:51 of 3rd period - Snap shot by Cam Atkinson.
4:51 of 3rd period - Shot Misses the Net.
5:01 of 3rd period - Dennis Everberg is hit by Phillip Danault and loses puck.
5:08 of 3rd period - Phil McRae is hit by Nathan Beaulieu and loses puck.
5:30 of 3rd period - Snap shot by Dustin Jeffrey.
5:30 of 3rd period - Goal by Dustin Jeffrey - Harfangs : 6 - Gangsters : 4.
5:31 of 3rd period - Ben Holmstrom wins face-off versus Petri Kontiola in neutral zone.
5:43 of 3rd period - Shaun Heska is hit by Petri Kontiola.
6:14 of 3rd period - Snap shot by Cam Atkinson.
6:14 of 3rd period - Stopped by Mike Condon without a rebound.
6:15 of 3rd period - Maxime Sauvé wins face-off versus Jean-Gabriel Pageau in Gangsters zone.
6:43 of 3rd period - Snap shot by Tomas Tatar.
6:43 of 3rd period - Goal by Tomas Tatar - Harfangs : 7 - Gangsters : 4.
6:43 of 3rd period - Dustin Tokarski enters game.
6:44 of 3rd period - Petri Kontiola wins face-off versus Ben Holmstrom in neutral zone.
6:53 of 3rd period - Alex Killorn is hit by Ben Holmstrom and loses puck.
7:25 of 3rd period - Off-side.
7:26 of 3rd period - Roman Cervenka wins face-off versus Ben Holmstrom in neutral zone.
7:31 of 3rd period - Snap shot by Tomas Tatar.
7:31 of 3rd period - Shot Blocked by Brett Ponich.
7:31 of 3rd period - Brett Ponich from Gangsters is injured at 7:31 of 3rd period (Right Foot).
7:32 of 3rd period - Petri Kontiola wins face-off versus Ben Holmstrom in Gangsters zone.
7:45 of 3rd period - Snap shot by Nick Foligno.
7:45 of 3rd period - Shot Misses the Net.
7:47 of 3rd period - Snap shot by Nick Foligno.
7:47 of 3rd period - Stopped by Jeremy Duchesne with a rebound.
7:57 of 3rd period - Shaun Heska is hit by Brandon Pirri and loses puck.
8:06 of 3rd period - Snap shot by Richard Panik.
8:06 of 3rd period - Stopped by Jeremy Duchesne without a rebound.
8:07 of 3rd period - Nick Foligno wins face-off versus Jean-Gabriel Pageau in Harfangs zone.
8:32 of 3rd period - Brian Lashoff is hit by Dave Dziurzynski and loses puck.
8:55 of 3rd period - Slapshot by Shaun Heska.
8:55 of 3rd period - Shot Misses the Net.
8:57 of 3rd period - Slapshot by Colten Teubert.
8:57 of 3rd period - Deflect By Phil McRae.
8:57 of 3rd period - Shot Blocked by Roman Cervenka.
8:57 of 3rd period - Puck is out of play.
8:58 of 3rd period - Mikko Lehtonen wins face-off versus Jean-Gabriel Pageau in Harfangs zone.
9:07 of 3rd period - Wrist shot by Nick Foligno.
9:07 of 3rd period - Shot Blocked by Peter Olvecky.
9:09 of 3rd period - Slapshot by Mikko Lehtonen.
9:09 of 3rd period - Stopped by Jeremy Duchesne without a rebound.
9:10 of 3rd period - Petri Kontiola wins face-off versus Mikko Lehtonen in Harfangs zone.
9:19 of 3rd period - Slapshot by Cam Atkinson.
9:19 of 3rd period - Stopped by Dustin Tokarski with a rebound.
9:37 of 3rd period - Cam Fowler is hit by Dave Dziurzynski and loses puck.
10:29 of 3rd period - Brian Lashoff is hit by Patrik Nemeth and loses puck.
10:48 of 3rd period - Richard Panik is hit by Brian Lashoff and loses puck.
10:58 of 3rd period - Jean-Gabriel Pageau is hit by Richard Panik and loses puck.
11:24 of 3rd period - Snap shot by Brandon Pirri.
11:24 of 3rd period - Stopped by Dustin Tokarski without a rebound.
11:25 of 3rd period - Petri Kontiola wins face-off versus Phil McRae in Gangsters zone.
11:28 of 3rd period - Snap shot by Cam Atkinson.
11:28 of 3rd period - Shot Misses the Net.
12:01 of 3rd period - Off-side.
12:02 of 3rd period - Petri Kontiola wins face-off versus Nick Foligno in neutral zone.
12:13 of 3rd period - Snap shot by Alex Killorn.
12:13 of 3rd period - Shot Blocked by Shaun Heska.
13:14 of 3rd period - Snap shot by Shaun Heska.
13:14 of 3rd period - Deflect By Nick Foligno.
13:14 of 3rd period - Stopped by Jeremy Duchesne without a rebound.
13:15 of 3rd period - Ben Holmstrom wins face-off versus Angelo Esposito in Harfangs zone.
13:22 of 3rd period - Snap shot by Nick Foligno.
13:22 of 3rd period - Stopped by Jeremy Duchesne without a rebound.
13:23 of 3rd period - Ben Holmstrom wins face-off versus Petri Kontiola in Harfangs zone.
13:30 of 3rd period - Slapshot by Mikko Lehtonen.
13:30 of 3rd period - Stopped by Jeremy Duchesne with a rebound.
13:32 of 3rd period - Minor Penalty to Cam Fowler for Slashing.
13:33 of 3rd period - Alex Killorn wins face-off versus Ben Holmstrom in Harfangs zone.
13:46 of 3rd period - Snap shot by Mikko Lehtonen.
13:46 of 3rd period - Stopped by Jeremy Duchesne with a rebound.
13:48 of 3rd period - Wrist shot by Ben Holmstrom.
13:48 of 3rd period - Deflect By Nick Foligno.
13:48 of 3rd period - Stopped by Jeremy Duchesne without a rebound.
13:49 of 3rd period - Alex Killorn wins face-off versus Ben Holmstrom in Harfangs zone.
13:54 of 3rd period - Shaun Heska is hit by Victor Bartley and loses puck.
14:00 of 3rd period - Off-side.
14:01 of 3rd period - Alex Killorn wins face-off versus Ben Holmstrom in neutral zone.
14:09 of 3rd period - Snap shot by Alex Killorn.
14:09 of 3rd period - Shot Misses the Net.
14:11 of 3rd period - Slapshot by Victor Bartley.
14:11 of 3rd period - Stopped by Dustin Tokarski without a rebound.
14:12 of 3rd period - Alex Killorn wins face-off versus Ben Holmstrom in Gangsters zone.
14:19 of 3rd period - Victor Bartley is hit by Ben Holmstrom.
14:44 of 3rd period - Off-side.
14:45 of 3rd period - Cam Atkinson wins face-off versus Maxime Sauvé in neutral zone.
14:48 of 3rd period - Morgan Ellis is hit by Cam Atkinson and loses puck.
14:54 of 3rd period - Off-side.
14:55 of 3rd period - Ben Holmstrom wins face-off versus Alex Killorn in neutral zone.
15:32 of 3rd period - Penalty to Cam Fowler is over, Cam Fowler is back on ice.
15:41 of 3rd period - Off-side.
15:42 of 3rd period - Phillip Danault wins face-off versus Roman Cervenka in neutral zone.
16:09 of 3rd period - Angelo Esposito is hit by Nick Foligno and loses puck.
16:28 of 3rd period - Patrik Nemeth is hit by Victor Bartley and loses puck.
17:11 of 3rd period - Snap shot by Stefan Noesen.
17:11 of 3rd period - Shot Misses the Net.
17:13 of 3rd period - Slapshot by Morgan Ellis.
17:13 of 3rd period - Shot Blocked by Reid McNeill.
17:15 of 3rd period - Snap shot by Ben Holmstrom.
17:15 of 3rd period - Stopped by Jeremy Duchesne with a rebound.
17:17 of 3rd period - Wrist shot by Curtis McKenzie.
17:17 of 3rd period - Goal by Curtis McKenzie - Harfangs : 7 - Gangsters : 5.
17:18 of 3rd period - Phil McRae wins face-off versus Dennis Everberg in neutral zone.
17:21 of 3rd period - Slapshot by Colten Teubert.
17:21 of 3rd period - Shot Blocked by Victor Bartley.
18:31 of 3rd period - Brian Lashoff is hit by Morgan Ellis and loses puck.
18:36 of 3rd period - Wrist shot by Peter Olvecky.
18:36 of 3rd period - Shot Misses the Net.
19:15 of 3rd period - Wrist shot by Mikko Lehtonen.
19:15 of 3rd period - Shot Misses the Net.
19:17 of 3rd period - Slapshot by Phil McRae.
19:17 of 3rd period - Shot Misses the Net.
Goals for this period are 4 for Harfangs vs 2 for Gangsters.
Shots for this period are 10 for Harfangs vs 13 for Gangsters.
Back to the Top